 Dungeon Crawl Stone Soup version 0.24.0-35-gdb84b6a5db (webtiles) character file.

Game seed: 17667328046854673383, levelgen mode: deterministic

107985 Flugslaktarn the Severer (level 16, -10/150 HPs)
             Began as a Deep Dwarf Fighter on Nov 17, 2019.
             Was the Champion of Makhleb.
             Killed from afar by a nine-headed hydra (35 damage)
             ... with an exploding inner flame
             ... hexed by the player character
             ... on level 4 of the Swamp.
             The game lasted 00:22:14 (20010 turns).

Flugslaktarn the Severer (Deep Dwarf Fighter)      Turns: 20010, Time: 00:22:14

Health: -10/150    AC: 27    Str: 27    XL:     16   Next: 1%
Magic:  2/2        EV:  8    Int:  9    God:    Makhleb [******]
Gold:   1457       SH: 14    Dex: 12    Spells: 15/15 levels left

rFire    . . .     SeeInvis .   i - +8 mithril axe "Arga" {speed, MR+}
rCold    . . .     Gourm    .   c - +0 shield
rNeg     + . .     Faith    .   O - +2 chain mail {rPois}
rPois    +         Spirit   .   (no helmet)
rElec    .         Reflect  .   R - +1 cloak
rCorr    .         Harm     .   F - +2 pair of gloves
MR       +++..                  B - +0 pair of boots
Stlth    ..........             I - amulet of rage
HPRegen  0.00/turn              A - +2 ring of protection
MPRegen  0.08/turn              p - +3 ring of protection

@: lethally poisoned (-10 -> -10), non-regenerating
A: damage resistance, heal wounds, negative energy resistance 1, sense
surroundings 2, no regeneration
a: Heal Wounds, Minor Destruction, Lesser Servant of Makhleb, Major Destruction,
Greater Servant of Makhleb, Renounce Religion, Evoke Berserk Rage


You were on level 4 of the Swamp.
You worshipped Makhleb.
Makhleb was exalted by your worship.
You were hungry.

You visited 4 branches of the dungeon, and saw 26 of its levels.
You also visited: Ice Cave.

You collected 1457 gold pieces.

Inventory:

Hand Weapons
 i - the +8 mithril axe "Arga" (weapon) {speed, MR+}
   (You acquired it on level 13 of the Dungeon)

   Attacks with this weapon are significantly faster.
   It affects your resistance to hostile enchantments.
Missiles
 P - 3 throwing nets (quivered)
Armour
 c - a +0 shield (worn)
 B - a +0 pair of boots (worn)
   (You found it on level 6 of the Dungeon)
 F - a +2 pair of gloves (worn)
   (You found it on level 9 of the Dungeon)
 O - a +2 chain mail of poison resistance (worn)
   (You took it off Urug on level 2 of the Lair of Beasts)
 R - a +1 cloak (worn)
   (You found it on level 5 of the Lair of Beasts)
 W - a +4 chain mail of fire resistance
   (You found it on level 6 of the Lair of Beasts)
Jewellery
 f - an uncursed ring of protection from fire
   (You took it off an orc on level 7 of the Dungeon)
 m - an uncursed ring of protection from magic
   (You found it on level 1 of the Dungeon)
 n - an uncursed ring of positive energy
   (You found it on level 3 of the Swamp)
 p - a +3 ring of protection (right hand)
   (You found it on level 6 of the Dungeon)
 x - an uncursed ring of flight
   (You found it on level 5 of the Dungeon)
 A - a +2 ring of protection (left hand)
   (You found it on level 4 of the Lair of Beasts)
 E - a cursed -2 ring of strength {unknown}
   (You found it on level 11 of the Dungeon)
 H - an uncursed ring of protection from fire
   (You found it on level 8 of the Dungeon)
 I - an amulet of rage (around neck)
   (You found it on level 8 of the Dungeon)
 S - an uncursed ring of stealth {unknown}
   (You found it on level 12 of the Dungeon)
 T - a +4 ring of dexterity {unknown}
   (You found it on level 12 of the Dungeon)
 U - a +5 ring of intelligence {unknown}
   (You found it on level 13 of the Dungeon)
 X - the ring of Mumau {rF+ SInv}
   (You found it on level 6 of the Lair of Beasts)

   [ring of see invisible]

   It protects you from fire.
   It lets you see invisible.
Wands
 r - a wand of acid (10)
   (You found it on level 14 of the Dungeon)
 v - a wand of iceblast (14)
   (You found it on level 4 of the Dungeon)
 G - a wand of paralysis (15)
   (You found it on level 7 of the Dungeon)
Scrolls
 a - a scroll of fear
 g - 5 scrolls of immolation
 j - 7 scrolls of magic mapping
 o - 3 scrolls of fog
 t - 10 scrolls of teleportation
 y - 5 scrolls of enchant armour
 z - 3 scrolls of blinking
 C - 12 scrolls of remove curse
Potions
 d - 2 potions of might
 h - 2 potions of haste
 k - 2 potions of ambrosia
 l - 2 potions of flight
 q - 9 potions of curing
 s - 4 potions of agility
 u - 4 potions of brilliance
 w - 3 potions of heal wounds
 D - a potion of berserk rage
 L - a potion of mutation
 N - 2 potions of magic
 Q - 3 potions of lignification
 V - a potion of cancellation
 Z - 3 potions of resistance
Miscellaneous
 K - a phial of floods
   (You found it on level 6 of the Lair of Beasts)
Comestibles
 b - 8 chunks of flesh
 e - 30 rations


   Skills:
 + Level 11.3 Fighting
 * Level 17.3 Axes
 + Level 13.1 Armour
 + Level 13.0 Shields
 + Level 14.2 Invocations
 - Level 8.0 Evocations


You had 15 spell levels left.
You didn't know any spells.
Your spell library was empty.

Dungeon Overview and Level Annotations

Branches:
Dungeon (15/15)            Temple (1/1) D:4            Lair (6/6) D:8
  Swamp (4/4) Lair:2       Spider (0/4) Lair:2        Slime (0/5) Lair:5
    Orc (0/2) D:10         Vaults (0/5) D:14         Depths (0/5) D:15
  IceCv (visited)

Altars:
Ashenzari
Cheibriados
Dithmenos
Elyvilon
Fedhas
Gozag
Hepliaklqana
Kikubaaqudgha
Makhleb
Nemelex Xobeh
Okawaru
Qazlal
Ru
Sif Muna
Trog
Uskayaw
Vehumet
Wu Jian
Xom
Yredelemnul
Zin
The Shining One
Jiyva

Shops:
D:8 :

Annotations:
D:3 2 transporters
D:7 1 runed translucent door, Crazy Yiuf
D:11 exclusion: 2 doors
Lair:6 exclusion: 3 oklob plants
Swamp:1 2 transporters
Swamp:4 Lernaean hydra


Innate Abilities, Weirdness & Mutations

You are resistant to damage.
You can heal yourself by infusing magical energy.
You resist negative energy. (rN+)
You passively map the area around you.
You do not regenerate.


Message History

You chop one of the six-headed hydra's heads off!
The five-headed hydra grows two more!
You hit the seven-headed hydra.
You lop one of the seven-headed hydra's heads off!
The six-headed hydra grows two more!
You slash the eight-headed hydra! You hit the swamp dragon.
The swamp dragon explodes!
The fiery explosion engulfs you!!
* * * LOW HITPOINT WARNING * * *
The fiery explosion engulfs the eight-headed hydra!!
The eight-headed hydra is severely wounded.
The fiery explosion engulfs the swamp dragon!!!
The swamp dragon explodes!
The fiery explosion engulfs the eight-headed hydra!!!
The eight-headed hydra explodes!
The fiery explosion engulfs you!!
* * * LOW HITPOINT WARNING * * *
The fiery explosion engulfs the nine-headed hydra!!!
The nine-headed hydra explodes!
The fiery explosion engulfs you!!!
You die...

≈♣≈≈≈.....♣♣
#≈..≈###≈#≈≈ **
≈♣§≈≈≈≈≈≈≈.♣
##≈≈.≈≈.≈≈≈≈≈,,*
≈≈≈≈≈≈≈≈≈≈.♣
#≈≈≈.≈≈≈≈≈≈.. ≈
* §≈≈≈≈≈≈≈≈≈♣
#≈#≈.≈≈≈.≈≈≈≈≈
≈≈§≈≈≈≈≈♣♣♣
##≈≈.≈...≈..≈
,** * ≈...≈...≈♣
###§.#≈.≈≈≈≈, ≈
* .≈≈...♣♣♣♣
#§#§#≈#.≈#. ≈ *
....≈♣♣
##§§§§°#≈≈≈≈ ≈
≈≈.♣♣♣
#≈§@°DD≈#≈.≈ , ≈
.♣♣♣
##≈#D°D.≈≈≈≈ ≈
.♣♣ #≈.°##k≈.≈.
≈≈♣ #≈.≈° ≈k..≈
≈ * ≈≈♣
#≈≈≈...≈..., , ,
.♣♣ ##.≈≈≈≈≈#k≈
, , ♣♣ #≈≈.#≈≈
≈D ♣ ≈≈≈#≈≈ ≈ ,
≈,


You could see 3 seven-headed hydras, a swamp dragon (inner flame) and 2 swamp
drakes.

Vanquished Creatures
  Jorgrun (Swamp:2)
  3 dire elephants (Lair:6)
  Snorg (D:11)
  Erolcha (D:9)
  A yaktaur captain (D:15)
  4 vault guards (D:14)
  8 hydras
  Harold (D:10)
  2 ghost crabs
  An ogre mage (D:14)
  A shambling mangrove (Swamp:3)
  5 centaur warriors
  A death knight (D:14)
  3 tengu warriors
  3 two-headed ogres
  13 alligators
  6 death yaks (Lair:6)
  An anaconda (Lair:6)
  Urug (Lair:2)
  A spriggan druid (Swamp:4)
  5 swamp dragons (Swamp:4)
  Pikel (D:8)
  A phantasmal warrior (D:15)
  An orb spider (Lair:2)
  A deep elf archer (D:14)
  An orc sorcerer (D:14)
  3 cyclopes
  A manticore (D:13)
  2 deep elf magi
  2 ugly things (D:13)
  16 elephants
  3 centaur zombies
  A guardian serpent (shapeshifter) (D:15)
  Joseph (D:7)
  Maurice (D:11)
  3 black mambas
  A spiny frog (shapeshifter) (D:14)
  A torpor snail (Lair:3)
  6 spiny frogs
  10 komodo dragons
  7 yaktaurs
  A tengu conjurer (D:15)
  A redback zombie (D:15)
  2 freezing wraiths
  6 trolls
  17 slime creatures
  12 blink frogs
  3 bog bodies
  Prince Ribbit (Lair:2)
  9 tyrant leeches
  4 hippogriffs
  5 hornets
  3 shadows
  9 spriggans
  A wraith (D:10)
  42 yaks
  3 wyverns
  A basilisk (Lair:3)
  2 hungry ghosts
  A two-headed ogre zombie (D:10)
  18 vampire mosquitoes
  16 swamp worms
  17 insubstantial wisps
  14 water moccasins
  An acid dragon (D:14)
  A soldier ant (D:15)
  2 porcupines (Lair:2)
  2 black bears (D:9)
  7 swamp drakes
  2 sky beasts (D:9)
  5 orc warriors
  3 ice beasts
  A slave (D:8)
  15 wolves
  3 boggarts (D:15)
  7 ogres
  2 phantoms (D:10)
  11 centaurs
  10 crocodiles
  A big kobold (D:12)
  15 bullfrogs
  3 scorpions
  2 wyvern skeletons
  3 killer bees (D:9)
  A troll zombie (D:10)
  17 wights
  A howler monkey (D:8)
  2 electric eels (Lair:2)
  7 crimson imps
  3 bullfrog zombies
  A hound (D:8)
  A quasit (D:13)
  3 jellies
  3 centaur skeletons
  5 orc priests
  An iguana (D:11)
  12 orc wizards
  Ijyb (D:3)
  Jessica (D:3)
  2 bullfrog skeletons (D:4)
  Terence (D:3)
  6 worker ants
  2 spriggan simulacra (IceCv)
  A troll simulacrum (IceCv)
  A killer bee zombie (D:8)
  6 ogre zombies (D:10)
  A hound skeleton (D:8)
  A hound zombie (D:6)
  2 gnolls (D:2)
  3 howler monkey skeletons
  8 adders
  A naga simulacrum (IceCv)
  2 shadow imps
  2 adder skeletons
  A worm (D:3)
  2 dart slugs (D:2)
  2 leopard geckos
  33 orcs
  2 ball pythons
  4 bats
  3 giant cockroaches
  A hobgoblin (D:2)
  10 jackals
  9 kobolds
  5 quokkas
  2 frilled lizards
  3 goblins
  3 goblin skeletons (D:10)
  3 goblin zombies (D:10)
  2 hobgoblin skeletons (D:10)
  A hobgoblin zombie (D:10)
  2 orc skeletons (D:10)
  14 orc zombies (D:10)
  6 rats
  A fungus (Lair:4)
  7 plants (Lair:6)
624 creatures vanquished.

Vanquished Creatures (collateral kills)
  2 dire elephants (Lair:6)
  8 hydras
  Erica (Lair:2)
  An alligator (Swamp:3)
  A black mamba (Lair:2)
  2 spiny frogs
  A komodo dragon (Lair:2)
  2 tyrant leeches (Swamp:3)
  A hornet (Swamp:2)
  2 blink frogs (Lair:2)
  3 slime creatures
  A human (D:14)
  A vampire mosquito (Swamp:3)
  2 yaks (Lair:6)
  An insubstantial wisp (Swamp:4)
  2 swamp worms (Swamp:1)
  A fungus (Lair:3)
32 creatures vanquished.

Vanquished Creatures (others)
  A vault guard (D:14)
  2 hornets
  2 blink frogs (Swamp:4)
  A spriggan (Swamp:4)
  A vampire mosquito (Swamp:4)
  A big kobold (D:8)
  A jelly (D:8)
  9 fungi
  6 plants
24 creatures vanquished.

Grand Total: 680 creatures vanquished

Notes
Turn   | Place    | Note
-------+----------+-------------------------------------------
     0 | D:1      | Flugslaktarn the Deep Dwarf Fighter began the quest for the
                  | Orb.
     0 | D:1      | Reached XP level 1. HP: 20/20 MP: 1/1
   107 | D:1      | Reached XP level 2. HP: 27/27 MP: 2/2
   244 | D:2      | Reached skill level 3 in Axes
   244 | D:2      | Reached XP level 3. HP: 23/34 MP: 2/2
   404 | D:3      | Noticed Terence
   416 | D:3      | Reached XP level 4. HP: 42/42 MP: 3/3
   430 | D:3      | Killed Terence
   443 | D:3      | Found a transporter.
   479 | D:3      | Found a transporter.
   496 | D:3      | Found a faded altar of an unknown god.
   507 | D:3      | Found a basalt altar of Yredelemnul.
   508 | D:3      | Found an iron altar of Okawaru.
   509 | D:3      | Found a stormy altar of Qazlal.
   549 | D:3      | Noticed a kobold demonologist
   552 | D:3      | Reached skill level 4 in Axes
   572 | D:3      | Noticed Ijyb
   591 | D:3      | Killed Ijyb
   591 | D:3      | Reached XP level 5. HP: 37/49 MP: 4/4
   616 | D:3      | Noticed Jessica
   620 | D:3      | Killed Jessica
   684 | D:3      | Found an iron altar of Okawaru.
  1052 | D:4      | Found a staircase to the Ecumenical Temple.
  1108 | D:4      | Reached XP level 6. HP: 47/56 MP: 5/5
  1428 | D:5      | Entered Level 5 of the Dungeon
  1517 | D:5      | Reached skill level 5 in Axes
  1597 | D:5      | Noticed an ice beast
  1624 | D:5      | Killed an ice beast
  1624 | D:5      | Reached XP level 7. HP: 53/64 MP: 6/6
  1691 | Temple   | Entered the Ecumenical Temple
  2755 | D:6      | Reached skill level 5 in Armour
  2755 | D:6      | Reached skill level 5 in Shields
  2765 | D:6      | Reached skill level 6 in Axes
  2799 | D:6      | Found a burning altar of Makhleb.
  2807 | D:6      | Became a worshipper of Makhleb the Destroyer
  2892 | D:6      | Reached skill level 1 in Invocations
  2967 | D:6      | Found an opulent altar of Gozag.
  3087 | D:6      | Reached XP level 8. HP: 65/73 MP: 6/6
  3166 | D:6      | Reached skill level 7 in Axes
  3313 | D:6      | Found an ancient bone altar of Kikubaaqudgha.
  3317 | D:6      | Found a sacrificial altar of Ru.
  3672 | D:7      | Found a white marble altar of Elyvilon.
  3681 | D:7      | Noticed a two-headed ogre
  3689 | D:7      | Killed a two-headed ogre
  3689 | D:7      | Reached skill level 5 in Fighting
  3689 | D:7      | Reached skill level 8 in Axes
  3798 | D:7      | Noticed Joseph
  3824 | D:7      | Found a runed translucent door.
  3825 | D:7      | Noticed Crazy Yiuf
  4009 | D:7      | Reached * piety under Makhleb
  4055 | D:8      | Gained mutation: You passively map the area around you.
                  | [Deep Dwarf growth]
  4055 | D:8      | Reached XP level 9. HP: 29/81 MP: 5/7
  4186 | D:8      | Found Wyvvon's Book Shoppe.
  4235 | D:8      | Reached skill level 5 in Invocations
  4250 | D:8      | Reached skill level 9 in Axes
  4333 | D:8      | Noticed a cyclops
  4349 | D:8      | Killed a cyclops
  4442 | D:8      | Found a staircase to the Lair.
  4770 | D:8      | Noticed Pikel
  4786 | D:8      | Killed Pikel
  4786 | D:8      | Reached XP level 10. HP: 91/91 MP: 9/9
  5012 | D:7      | Killed Joseph
  5295 | Lair:1   | Entered Level 1 of the Lair of Beasts
  5325 | Lair:1   | Reached skill level 10 in Axes
  5404 | Lair:1   | Got a shimmering morningstar
  5405 | Lair:1   | Identified the +10 morningstar of Experimentation {crush,
                  | Str-2 Int+3 SInv} (You found it on level 1 of the Lair of
                  | Beasts)
  5500 | Lair:1   | Noticed a black mamba
  5522 | Lair:1   | HP: 2/92 [black mamba (5)]
  5529 | Lair:1   | Killed a black mamba
  5561 | Lair:1   | Reached ** piety under Makhleb
  5624 | Lair:1   | You fall into a shaft and drop 1 floor!
  5624 | Lair:2   | Noticed Erica
  5748 | D:9      | Reached skill level 11 in Axes
  5863 | D:9      | Reached XP level 11. HP: 82/100 MP: 8/8
  6050 | D:9      | Noticed Erolcha
  6059 | D:9      | Killed Erolcha
  6275 | D:10     | Entered Level 10 of the Dungeon
  6301 | D:10     | Noticed a two-headed ogre
  6309 | D:10     | Reached *** piety under Makhleb
  6316 | D:10     | Killed a two-headed ogre
  6316 | D:10     | Reached skill level 1 in Evocations
  6345 | D:10     | Found a staircase to the Orcish Mines.
  6488 | D:10     | Reached **** piety under Makhleb
  6535 | D:10     | Noticed Harold
  6569 | D:10     | Killed Harold
  7005 | Lair:1   | Reached skill level 12 in Axes
  7614 | Lair:2   | Noticed Urug
  7643 | Lair:2   | Noticed a six-headed hydra
  7843 | Lair:2   | Found a hole to the Spider Nest.
  7843 | Lair:2   | Noticed an orb spider
  7958 | Lair:2   | Killed an orb spider
  8144 | Lair:2   | Killed Erica
  8144 | Lair:2   | Reached XP level 12. HP: 64/110 MP: 7/9
  8169 | Lair:2   | Noticed Prince Ribbit
  8177 | Lair:2   | Killed Prince Ribbit
  8259 | Lair:2   | Killed Urug
  8368 | Lair:2   | Killed an 11-headed hydra
  8426 | Lair:2   | Reached skill level 5 in Evocations
  8561 | Lair:2   | Noticed an eight-headed hydra
  8561 | Lair:2   | Noticed a four-headed hydra
  8579 | Lair:2   | Killed a four-headed hydra
  8580 | Lair:2   | Killed an eight-headed hydra
  8580 | Lair:2   | Reached skill level 10 in Invocations
  8609 | Lair:2   | Reached skill level 13 in Axes
  8614 | Lair:2   | Found a staircase to the Swamp.
  8922 | Lair:3   | Found an iron altar of Okawaru.
  8930 | Lair:3   | You fall into a shaft and drop 3 floors!
  8930 | Lair:6   | Entered Level 6 of the Lair of Beasts
  8931 | Lair:6   | Noticed a death yak
  8931 | Lair:6   | Noticed a death yak
  8931 | Lair:6   | Noticed a death yak
  8931 | Lair:6   | Noticed a death yak
  8931 | Lair:6   | Noticed a death yak
  8932 | Lair:6   | Noticed a death yak
  8952 | Lair:6   | Reached skill level 10 in Armour
  8952 | Lair:6   | Reached skill level 10 in Shields
  8954 | Lair:6   | Killed a death yak
  8969 | Lair:6   | Killed a death yak
  8989 | Lair:6   | Killed a death yak
  9000 | Lair:6   | Killed a death yak
  9015 | Lair:6   | Killed a death yak
  9020 | Lair:6   | Killed a death yak
  9145 | Lair:6   | Noticed a six-headed hydra
  9157 | Lair:6   | Killed a six-headed hydra
  9215 | Lair:6   | Reached XP level 13. HP: 38/118 MP: 7/7
  9924 | Lair:5   | Found a viscous altar of Jiyva.
  9924 | Lair:5   | Found a staircase to the Slime Pits.
 11070 | Lair:4   | Reached skill level 14 in Axes
 12492 | Lair:6   | Noticed a dire elephant
 12492 | Lair:6   | Noticed a dire elephant
 12509 | Lair:6   | Killed a dire elephant
 12523 | Lair:6   | Killed a dire elephant
 12581 | Lair:6   | Noticed a dire elephant
 12612 | Lair:6   | Killed a dire elephant
 12625 | Lair:6   | Noticed a dire elephant
 12639 | Lair:6   | Killed a dire elephant
 12649 | Lair:6   | Got a heavily runed ivory ring
 12651 | Lair:6   | Identified the ring of Mumau {rF+ SInv} (You found it on
                  | level 6 of the Lair of Beasts)
 12667 | Lair:6   | Noticed a dire elephant
 12679 | Lair:6   | Killed a dire elephant
 12815 | Swamp:1  | Entered Level 1 of the Swamp
 13037 | Swamp:1  | Found a transporter.
 13200 | Swamp:1  | Gained mutation: You resist negative energy. (rN+) [Deep
                  | Dwarf growth]
 13200 | Swamp:1  | Reached XP level 14. HP: 105/130 MP: 7/7
 13283 | Swamp:1  | Found a transporter.
 13524 | Swamp:2  | Found a frozen archway.
 13545 | Swamp:2  | Noticed Jorgrun
 13570 | Swamp:2  | Reached skill level 15 in Axes
 13719 | Swamp:2  | Killed Jorgrun
 13735 | IceCv    | Entered an ice cave
 14270 | Swamp:2  | Reached skill level 10 in Fighting
 14591 | Swamp:3  | HP: 6/132 [tyrant leech (20)]
 14932 | Swamp:4  | Entered Level 4 of the Swamp
 14987 | Swamp:3  | Reached ***** piety under Makhleb
 15192 | Swamp:4  | Reached skill level 16 in Axes
 15252 | Swamp:4  | Reached XP level 15. HP: 24/140 MP: 1/1
 15936 | D:11     | Noticed Snorg
 15945 | D:11     | Killed Snorg
 16141 | D:11     | Noticed Maurice
 16220 | D:11     | Killed Maurice
 16940 | D:12     | Found a glowing silver altar of Zin.
 17228 | D:12     | You fall into a shaft and drop 3 floors!
 17228 | D:15     | Entered Level 15 of the Dungeon
 17314 | D:15     | Found a blossoming altar of Fedhas.
 17695 | D:15     | Found a staircase to the Depths.
 18062 | D:13     | Reached ****** piety under Makhleb
 18544 | D:13     | Found a shattered altar of Ashenzari.
 18568 | D:13     | Identified a scroll of acquirement
 18573 | D:13     | Found the +8 mithril axe "Arga" {speed, MR+}
 18637 | D:13     | Reached skill level 17 in Axes
 19101 | D:14     | Found an opulent altar of Gozag.
 19487 | D:14     | Found a gate to the Vaults.
 19934 | Swamp:4  | Reached XP level 16. HP: 88/150 MP: 2/2
 20003 | Swamp:4  | Noticed the 27-headed Lernaean hydra
 20010 | Swamp:4  | Killed from afar by a nine-headed hydra

Levels and vault maps discovered:
D:1:      saegor_arrival_under_anarchy, layout_basic
D:2:      layout_loops_ring, roderic_serpentine_path,
          nicolae_qazlal_style_of_elements
D:3:      gammafunk_wand_slinger, layout_basic,
          chequers_temple_overflow_statue_of_worship,
          chequers_ecumenical_altar_simple, serial_aquarium,
          aquarium_bridge_square [aquarium_subvault_wall,
          aquarium_subvault_bridge, aquarium_subvault_window,
          aquarium_subvault_wall], aquarium_bridge_square
          [aquarium_subvault_balcony, aquarium_subvault_bridge,
          aquarium_subvault_wall, aquarium_subvault_window],
          aquarium_window_fake, aquarium_window_1, aquarium_view_2c,
          aquarium_view_2e, okawaru_ov_weapons_minmay, uniq_jessica, uniq_ijyb,
          uniq_terence
D:4:      layout_basic, minmay_temple_entry_from_below_a, first_ration
D:5:      layout_loops_ring, st_stairs_1
D:6:      layout_basic, minmay_overflow_temple_star_quad, basic_altar,
          serial_corexii_hall, chequers_hall_statues_wall_a,
          chequers_hall_statues_wall_a, corexii_hall_statues_t,
          chequers_hall_statues_y
D:7:      layout_basic, basic_altar, uniq_joseph, uniq_crazy_yiuf_cottage
D:8:      layout_loops_ring, lair_entry_dummy, serial_shops, shop,
          blue_anna_alchemist [blue_anna_fruit_fields, blue_anna_fruit_fields],
          uniq_pikel
D:9:      layout_small_grid, uniq_erolcha
D:10:     layout_basic, zombieorc2_lemuel, minmay_misc_feat_secret_circle,
          minmay_tree_intersection, uniq_harold
D:11:     layout_loops_ring, kennysheep_cross_room, water_maze_lemuel,
          uniq_maurice, uniq_snorg
D:12:     layout_irregular_city, basic_altar
D:13:     layout_basic, ashenzari_altar_1
D:14:     layout_stronghold, grunt_vaults_entry_fortified, basic_altar
D:15:     grunt_enter_depths_snipers, layout_stronghold, basic_altar,
          lemuel_mausoleum_altar_yredelemnul, st_stairs_6
Temple:   nicolae_temple_elliptical
Lair:1:   layout_small_grid
Lair:2:   statuecave_lemuel, layout_regular_city, palyth_hydra_swamp_entry,
          nicolae_spider_entry_orb_guardian, gauntlet_entry_generic,
          grunt_megastairs_4, uniq_prince_ribbit2, uniq_erica, uniq_urug
Lair:3:   layout_loops_ring, basic_altar, infiniplex_staircase_pool_2
Lair:4:   layout_roguey
Lair:5:   layout_loops_ring, slime_altar_1
Lair:6:   due_jungle_book, layout_gridlike, minmay_lair_oklob_chamber
Swamp:1:  gammafunk_its_a_trap, layout_basic_swamp, evilmike_swamp_ruin_house_5
Swamp:2:  layout_basic_swamp, portal_ice_cave_entry_pillars_1,
          evilmike_swamp_ruin_house_1, uniq_jorgrun
Swamp:3:  layout_falls_marsh, hangedman_swamp_ruin_hall
Swamp:4:  swamp_old_school, layout_basic_swamp

Skill      XL: |  1  2  3  4  5  6  7  8  9 10 11 12 13 14 15 |
---------------+----------------------------------------------+-----
Fighting       | 3 4 5 6 7 8 9 10 11 | 11.3
Axes           | 3 4 5 6 8 9 11 12 13 14 16 17 | 17.3
Armour         | 4 5 6 7 8 9 10 11 12 13 | 13.1
Shields        | 4 5 6 7 8 9 10 11 12 13 | 13.0
Invocations    | 1 4 6 7 9 10 11 13 14 | 14.2
Evocations     | 4 6 8 |  8.0

Action                   |  1- 3 |  4- 6 |  7- 9 | 10-12 | 13-15 | 16-18 || total
-------------------------+-------+-------+-------+-------+-------+-------++-------
Melee: War axe           |    95 |   178 |   101 |   184 |  1484 |       ||  2042
       Broad axe         |       |       |   212 |   544 |   217 |    16 ||   989
Invok: Lesser Servant of |       |       |       |    11 |    21 |       ||    32
 Abil: Heal Wounds       |     2 |     5 |    10 |    26 |    42 |       ||    85
       Evoke Berserk Rag |       |       |       |     3 |       |       ||     3
Evoke: Wand              |       |       |     1 |    10 |    30 |     1 ||    42
       Phial of floods   |       |       |       |       |     1 |       ||     1
  Use: Scroll            |       |       |     7 |    10 |    19 |     1 ||    37
       Potion            |       |       |       |     5 |     5 |       ||    10
 Stab: Paralysed         |       |       |       |     6 |     6 |       ||    12
       Distracted        |       |       |       |     5 |     2 |       ||     7
  Eat: Chunk             |       |     2 |     5 |    15 |    29 |       ||    51
       Ration            |       |     1 |     8 |     1 |     3 |       ||    13
Armor: Scale mail        |    41 |    74 |    36 |       |       |       ||   151
       Chain mail        |       |       |   168 |    72 |   983 |    32 ||  1255
       Plate armour      |       |       |     5 |   439 |       |       ||   444
Dodge: Dodged            |    29 |    50 |    90 |   209 |   417 |     7 ||   802
Block: Shield            |    50 |    86 |   216 |   481 |   966 |    27 ||  1826
